 Dungeon Crawl Stone Soup version 0.25.1-2-g60ff931df9 (webtiles) character file.

Game seed: 9171453787542199679

62 DerDa the Grave Robber (level 4, -1/38 HPs)
             Began as a Gnoll Wanderer on Nov 6, 2020.
             Slain by an ogre
             ... wielding a +0 giant club
              (12 damage)
             ... on level 2 of the Dungeon.
             The game lasted 00:03:37 (1920 turns).

DerDa the Grave Robber (Gnoll Wanderer)             Turns: 1920, Time: 00:03:37

Health: -1/38      AC:  2    Str: 14    XL:     4   Next: 8%
Magic:  8/8        EV: 12    Int: 13    God:
Gold:   74         SH:  0    Dex: 17    Spells: 8/8 levels left

rFire    . . .     SeeInvis .   a - +0 spear
rCold    . . .     Gourm    .   (no shield)
rNeg     . . .     Faith    .   d - +0 robe
rPois    .         Spirit   .   (no helmet)
rElec    .         Reflect  .   (no cloak)
rCorr    .         Harm     .   (no gloves)
MR       .....                  (no boots)
Stlth    ++........             (no amulet)
HPRegen  0.12/turn              (no ring)
MPRegen  0.11/turn              (no ring)

@: no status effects
A: distributed training, fangs 1, strong nose
a: no special abilities


You were on level 2 of the Dungeon.
You were not hungry.

You visited 1 branch of the dungeon, and saw 2 of its levels.

You collected 74 gold pieces.

Inventory:

Hand Weapons
 a - a +0 spear (weapon)
 i - a +0 hunting sling
Missiles
 b - 70 stones
 g - 23 bolts
 h - 5 boomerangs of dispersal (quivered)
Armour
 d - a +0 robe (worn)
Scrolls
 c - 3 scrolls of identify {unknown}
 e - 2 scrolls of remove curse {unknown}
 j - a scroll of enchant armour {unknown}
 l - a scroll of immolation {unknown}
 o - a scroll of enchant weapon {unknown}
Potions
 k - 2 potions of curing {unknown}
 m - a potion of brilliance {unknown}
 p - 2 potions of lignification {unknown}
Comestibles
 f - 6 rations
 n - 2 chunks of flesh


   Skills:
 + Level 4.6 Fighting
 + Level 1.0 Short Blades
 + Level 1.0 Long Blades
 + Level 1.0 Axes
 + Level 1.0 Maces & Flails
 + Level 1.0 Polearms
 + Level 1.0 Staves
 + Level 1.0 Slings
 + Level 1.0 Bows
 + Level 1.0 Crossbows
 + Level 1.0 Throwing
 + Level 2.7 Armour
 + Level 1.0 Dodging
 + Level 2.5 Stealth
 + Level 2.7 Shields
 + Level 1.0 Unarmed Combat
 + Level 2.9 Spellcasting
 + Level 0.7 Conjurations
 + Level 0.7 Hexes
 + Level 2.2 Charms
 + Level 0.7 Summonings
 + Level 5.4 Necromancy
 + Level 0.7 Translocations
 + Level 0.7 Transmutations
 + Level 0.7 Fire Magic
 + Level 0.7 Ice Magic
 + Level 0.7 Air Magic
 + Level 0.7 Earth Magic
 + Level 0.7 Poison Magic
 + Level 1.1 Invocations
 + Level 1.0 Evocations


You had 8 spell levels left.
You didn't know any spells.
Your spell library contained the following spells:

 Spells                   Type           Power        Failure   Level  Hunger
 Magic Dart               Conj           #...         17%         1    #......
 Shock                    Conj/Air       #...         17%         1    #......
 Blink                    Tloc           N/A          26%         2    ###....
 Call Imp                 Summ           #.......     26%         2    ###....
 Slow                     Hex            #.......     26%         2    ###....
 Conjure Flame            Conj/Fire      #.......     45%         3    ###....
 Mephitic Cloud           Conj/Pois/Air  #.......     45%         3    ###....
 Static Discharge         Conj/Air       #.......     45%         3    ###....


Dungeon Overview and Level Annotations

Branches:
Dungeon (2/15)

Altars:

Annotations:
D:2 Terence


Innate Abilities, Weirdness & Mutations

Your experience applies equally to all skills.
You have very sharp teeth.
Your uncanny sense of smell can sniff out nearby items.


Message History

Aim: an ogre, wielding a +0 giant club (heavily wounded)
You shoot a stone. The stone hits the ogre.
The ogre is heavily wounded.
The ogre hits you with a +0 giant club!!
Ouch! That really hurt!
a - a +0 spear (weapon)
A kobold comes into view. It is wielding a +0 spear.
The kobold shouts!
You hit the ogre but do no damage.
The ogre is heavily wounded.
The ogre barely misses you.
The kobold throws a stone.
The stone hits you.
* * * LOW HITPOINT WARNING * * *
You hit the ogre. You bite the ogre, but do no damage.
The ogre is severely wounded.
The ogre completely misses you.
The kobold throws a stone.
The stone closely misses you.
You hit the ogre.
The ogre is severely wounded.
The ogre hits you with a +0 giant club!
You die...

########...#
#...
########...#####
#...............
#...............
#...............
########...#####
########...#
......?.####
.......@#
.......O#
(..)...(#
.......(#
../...(.#
...?..(.#
........#
...K....#


You could see an ogre and a kobold.

Vanquished Creatures
  2 adders (D:2)
  A dart slug (D:1)
  3 giant cockroaches
  4 goblins
  4 hobgoblins (D:1)
  7 jackals
  2 ball pythons
  4 bats
  4 frilled lizards
  6 kobolds
  A rat (D:2)
38 creatures vanquished.

Notes
Turn   | Place    | Note
-------+----------+-------------------------------------------
     0 | D:1      | DerDa the Gnoll Wanderer began the quest for the Orb.
     0 | D:1      | DerDa set off with the following items: a +0 spear, a +0
                  | robe, a ration; and the following spells available to
                  | memorise: Magic Dart, Shock, Blink, Call Imp, Slow, Conjure
                  | Flame, Mephitic Cloud, Static Discharge
     0 | D:1      | Reached XP level 1. HP: 20/20 MP: 4/4
    69 | D:1      | Reached XP level 2. HP: 26/26 MP: 5/5
   874 | D:1      | Reached XP level 3. HP: 29/31 MP: 7/7
  1288 | D:2      | Reached skill level 1 in Invocations
  1517 | D:2      | Reached skill level 1 in Short Blades
  1517 | D:2      | Reached skill level 1 in Long Blades
  1517 | D:2      | Reached skill level 1 in Axes
  1517 | D:2      | Reached skill level 1 in Maces & Flails
  1517 | D:2      | Reached skill level 1 in Polearms
  1517 | D:2      | Reached skill level 1 in Staves
  1517 | D:2      | Reached skill level 1 in Slings
  1517 | D:2      | Reached skill level 1 in Bows
  1517 | D:2      | Reached skill level 1 in Crossbows
  1517 | D:2      | Reached skill level 1 in Throwing
  1517 | D:2      | Reached skill level 1 in Dodging
  1517 | D:2      | Reached skill level 1 in Unarmed Combat
  1517 | D:2      | Reached skill level 1 in Evocations
  1529 | D:2      | Reached XP level 4. HP: 18/38 MP: 8/8
  1717 | D:2      | Noticed Terence
  1909 | D:2      | Noticed an ogre
  1920 | D:2      | Slain by an ogre

Illustrated notes

Levels and vault maps discovered:
D:1:      lemuel_arrival_cross, layout_basic
D:2:      layout_basic, first_ration, uniq_terence

Skill      XL: |  1  2  3 |
---------------+----------+-----
Charms         | 2 |  2.2
Invocations    | 1 |  1.1
Short Blades   | 1 |  1.0
Long Blades    | 1 |  1.0
Axes           | 1 |  1.0
Maces & Flails | 1 |  1.0
Polearms       | 1 |  1.0
Staves         | 1 |  1.0
Slings         | 1 |  1.0
Bows           | 1 |  1.0
Crossbows      | 1 |  1.0
Throwing       | 1 |  1.0
Dodging        | 1 |  1.0
Unarmed Combat | 1 |  1.0
Evocations     | 1 |  1.0
Fighting       | |  4.6
Armour         | |  2.7
Stealth        | |  2.5
Shields        | |  2.7
Spellcasting   | |  2.9
Conjurations   | |  0.7
Hexes          | |  0.7
Summonings     | |  0.7
Necromancy     | |  5.4
Translocations | |  0.7
Transmutations | |  0.7
Fire Magic     | |  0.7
Ice Magic      | |  0.7
Air Magic      | |  0.7
Earth Magic    | |  0.7
Poison Magic   | |  0.7

Action                   |  1- 3 |  4- 6 || total
-------------------------+-------+-------++-------
Melee: Spear             |    92 |     9 ||   101
       Bite              |     7 |     2 ||     9
 Fire: Hunting sling     |       |     5 ||     5
 Stab: Sleeping          |     6 |       ||     6
  Eat: Chunk             |     2 |     1 ||     3
Armor: Robe              |    20 |     1 ||    21
Dodge: Dodged            |    50 |    10 ||    60
